SAAA
ELLENBURG FIGHTING DACHSUNDS @ JERSEY CITY SUN CAPS
09/15/2022
 
TOP OF THE 1ST
Ellenburg Fighting Dachsunds batting - Pitching for Jersey City Sun Caps : RHP Alf Näsbom
Pitching: RHP Alf Näsbom
Batting: RHB Jesús López 0-0: Ball
1-0: Fly out, F6 (Popup, 56D)
Batting: LHB Rick Harrison 0-0: Called Strike
0-1: SINGLE (Line Drive, 6D)
Batting: RHB Pablo Trujillo 0-0: Called Strike
0-1: Ball
Rick Harrison is caught stealing 2nd base
1-1: Foul Ball, location: 2F
1-2: SINGLE (Line Drive, 6D)
Batting: SHB Virgil Eberle 0-0: Fly out, F4 (Popup, 34D)
Top of the 1st over - 0 run(s), 2 hit(s), 0 error(s), 1 left on base; Ellenburg 0 - Jersey City 0
BOTTOM OF THE 1ST
Jersey City Sun Caps batting - Pitching for Ellenburg Fighting Dachsunds : RHP Víctor García
Pitching: RHP Víctor García
Batting: RHB Bryan Wilson 0-0: Called Strike
0-1: Ball
1-1: Swinging Strike
1-2: Strikes out swinging
Batting: RHB Jonah Moody 0-0: Ball
1-0: Ball
2-0: Called Strike
2-1: Ball
3-1: Base on Balls
Batting: LHB Marlon Randall 0-0: Called Strike
0-1: Ball
1-1: Ball
2-1: Ball
3-1: Foul Ball, location: 2F
3-2: Base on Balls
Jonah Moody to second
Batting: RHB Tony Quintana 0-0: Foul Ball, location: 2F
0-1: Ball
1-1: Ball
2-1: Foul Ball, location: 2F
2-2: Ball
3-2: Strikes out swinging
Batting: LHB Miguel Martínez 0-0: Ball
1-0: Ball
2-0: Fly out, F7 (Flyball, 78S)
Bottom of the 1st over - 0 run(s), 0 hit(s), 0 error(s), 2 left on base; Ellenburg 0 - Jersey City 0
TOP OF THE 2ND
Ellenburg Fighting Dachsunds batting - Pitching for Jersey City Sun Caps : RHP Alf Näsbom
Batting: RHB Sherman Davis 0-0: Foul Ball, location: 2F
0-1: Foul Ball, location: 2F
0-2: Fly out, F6 (Popup, 6D)
Batting: RHB Travis Lee 0-0: Ball
1-0: Swinging Strike
1-1: Ball
2-1: Ball
3-1: Base on Balls
Batting: LHB Iván Gonzáles 0-0: Called Strike
0-1: SINGLE (Flyball, 89S)
Travis Lee to second
Runner from 2nd tries for 3rd, SAFE, throw made to third
Batting: RHB Gerald Ambler 0-0: Foul Ball, location: 2F
0-1: Ball
1-1: Ball
2-1: Ball
3-1: Foul Ball, location: 2F
3-2: Foul Ball, location: 2F
3-2: Strikes out swinging
Batting: LHB Ramón Hernández 0-0: Foul Ball, location: 2F
0-1: Ball
1-1: Foul Ball, location: 2F
1-2: Ground out 3-1 (Groundball, 34)
Top of the 2nd over - 0 run(s), 1 hit(s), 0 error(s), 2 left on base; Ellenburg 0 - Jersey City 0
BOTTOM OF THE 2ND
Jersey City Sun Caps batting - Pitching for Ellenburg Fighting Dachsunds : RHP Víctor García
Batting: RHB Micheal Murdoch 0-0: Ball
1-0: Ball
2-0: Fly out, F8 (Flyball, 8LXD)
Batting: RHB Eddy Baxter 0-0: Called Strike
0-1: Ball
1-1: SINGLE (Groundball, 6MD)
Batting: RHB Roy Williams 0-0: Ball
1-0: Foul Ball, location: 2F
1-1: Called Strike
1-2: Ball
2-2: Ball
3-2: Foul Ball, location: 2F
3-2: Fielders Choice at 2nd, 1-6 (Groundball, 15)
Batting: RHB Christian O'Dell 0-0: Foul Ball, location: 2F
0-1: Called Strike
0-2: Ball
1-2: Reached on error, E6 (Groundball, 6M)
Roy Williams to second
Batting: RHB Bryan Wilson 0-0: Ball
1-0: Called Strike
1-1: Ball
2-1: SINGLE (Line Drive, 4M)
Roy Williams to third
Christian O'Dell to second
Runner from 3rd tries for Home, throw and OUT!
Bottom of the 2nd over - 0 run(s), 2 hit(s), 1 error(s), 2 left on base; Ellenburg 0 - Jersey City 0
TOP OF THE 3RD
Ellenburg Fighting Dachsunds batting - Pitching for Jersey City Sun Caps : RHP Alf Näsbom
Batting: RHB Jesús López 0-0: Ball
1-0: Swinging Strike
1-1: Ball
2-1: Foul Ball, location: 2F
2-2: Strikes out swinging
Batting: LHB Rick Harrison 0-0: Ball
1-0: SINGLE (Line Drive, 34D)
Batting: RHB Pablo Trujillo 0-0: Ball
1-0: SINGLE (Groundball, 56D)
Rick Harrison to second
Batting: SHB Virgil Eberle 0-0: Called Strike
0-1: Fly out, F8 (Flyball, 8LXD)
Runner from 2nd tags up, SAFE at 3rd, no throw
Batting: RHB Sherman Davis 0-0: Swinging Strike
0-1: Ball
1-1: Foul Ball, location: 2F
1-2: Ball
2-2: Ball
3-2: Base on Balls
Pablo Trujillo to second
Batting: RHB Travis Lee 0-0: Ball
1-0: Swinging Strike
1-1: Foul Ball, location: 2F
1-2: Ground out 6-3 (Groundball, 6)
Top of the 3rd over - 0 run(s), 2 hit(s), 0 error(s), 3 left on base; Ellenburg 0 - Jersey City 0
BOTTOM OF THE 3RD
Jersey City Sun Caps batting - Pitching for Ellenburg Fighting Dachsunds : RHP Víctor García
Batting: RHB Jonah Moody 0-0: Called Strike
0-1: Ball
1-1: Called Strike
1-2: Fly out, F9 (Flyball, 9LMF)
Batting: LHB Marlon Randall 0-0: Ball
1-0: Ball
2-0: Ball
3-0: Base on Balls
Batting: RHB Tony Quintana 0-0: Called Strike
0-1: Swinging Strike
0-2: Ball
1-2: Foul Ball, location: 2F
1-2: Strikes out swinging
Batting: LHB Miguel Martínez 0-0: Called Strike
0-1: Foul Ball, location: 2F
0-2: Ball
1-2: Ball
2-2: Strikes out swinging
Bottom of the 3rd over - 0 run(s), 0 hit(s), 0 error(s), 1 left on base; Ellenburg 0 - Jersey City 0
TOP OF THE 4TH
Ellenburg Fighting Dachsunds batting - Pitching for Jersey City Sun Caps : RHP Alf Näsbom
Batting: LHB Iván Gonzáles 0-0: Foul Ball, location: 2F
0-1: Ball
1-1: Swinging Strike
1-2: Foul Ball, location: 2F
1-2: Foul Ball, location: 2F
1-2: Foul Ball, location: 2F
1-2: Foul Ball, location: 2F
1-2: Foul Ball, location: 2F
1-2: DOUBLE (Line Drive, 9LS) - OUT at third base trying to stretch hit.
Batting: RHB Gerald Ambler 0-0: SINGLE (Popup, 6MD)
Batting: LHB Ramón Hernández 0-0: Foul Ball, location: 2F
0-1: Ball
1-1: Called Strike
1-2: Foul Ball, location: 2F
1-2: Strikes out looking
Batting: RHB Jesús López 0-0: Ball
1-0: Ball
2-0: Called Strike
2-1: Swinging Strike
2-2: Strikes out looking
Top of the 4th over - 0 run(s), 2 hit(s), 0 error(s), 1 left on base; Ellenburg 0 - Jersey City 0
BOTTOM OF THE 4TH
Jersey City Sun Caps batting - Pitching for Ellenburg Fighting Dachsunds : RHP Víctor García
Batting: RHB Micheal Murdoch 0-0: Ball
1-0: Ball
2-0: Ball
3-0: Base on Balls
Batting: RHB Eddy Baxter 0-0: Called Strike
0-1: Ball
1-1: DOUBLE (Line Drive, 78XD)
Micheal Murdoch to third
Pitching: RHP Sean Evans
Batting: RHB Roy Williams 0-0: Ball
1-0: SINGLE (Line Drive, 78M)
Micheal Murdoch scores
Eddy Baxter to third
Batting: RHB Christian O'Dell 0-0: Ball
1-0: Called Strike
1-1: Foul Ball, location: 2F
1-2: Strikes out swinging
Batting: RHB Bryan Wilson 0-0: Ball
1-0: Called Strike
1-1: Ball
2-1: Foul Ball, location: 2F
2-2: Strikes out swinging
Batting: RHB Jonah Moody 0-0: Foul Ball, location: 2F
0-1: Foul Ball, location: 2F
0-2: Ground out 6-3 (Groundball, 6)
Bottom of the 4th over - 1 run(s), 2 hit(s), 0 error(s), 2 left on base; Ellenburg 0 - Jersey City 1
TOP OF THE 5TH
Ellenburg Fighting Dachsunds batting - Pitching for Jersey City Sun Caps : RHP Alf Näsbom
Batting: LHB Rick Harrison 0-0: SINGLE (Line Drive, 9S)
Batting: RHB Pablo Trujillo 0-0: Called Strike
0-1: Ball
1-1: Ball
2-1: Ball
3-1: SINGLE (Flyball, 78M)
Rick Harrison to second
Batting: SHB Virgil Eberle 0-0: Ball
1-0: Called Strike
1-1: Ball
2-1: Fly out, F6 (Popup, 6)
Pitching: RHP Gilberto Soto
Batting: RHB Sherman Davis 0-0: Swinging Strike
0-1: Ball
1-1: Ball
2-1: Foul Ball, location: 2F
2-2: Foul Ball, location: 2F
2-2: Ball
3-2: Foul Ball, location: 2F
3-2: Base on Balls
Rick Harrison to third
Pablo Trujillo to second
Batting: RHB Travis Lee 0-0: Swinging Strike
0-1: SINGLE (Groundball, 5D)
Rick Harrison scores
Pablo Trujillo to third
Sherman Davis to second
Runner from 3rd tries for Home, throw and OUT!
Sherman Davis to third
Travis Lee to second
Batting: LHB Iván Gonzáles 0-0: Ball
1-0: Foul Ball, location: 2F
1-1: Foul Ball, location: 2F
1-2: Ground out 3-1 (Groundball, 34S)
Top of the 5th over - 1 run(s), 3 hit(s), 0 error(s), 2 left on base; Ellenburg 1 - Jersey City 1
BOTTOM OF THE 5TH
Jersey City Sun Caps batting - Pitching for Ellenburg Fighting Dachsunds : RHP Sean Evans
Batting: LHB Marlon Randall 0-0: Foul Ball, location: 2F
0-1: Foul Ball, location: 2F
0-2: Foul Ball, location: 2F
0-2: Ball
1-2: Foul Ball, location: 2F
1-2: SINGLE (Line Drive, 34)
Batting: RHB Tony Quintana 0-0: Foul Ball, location: 2F
0-1: Swinging Strike
0-2: Ball
1-2: SINGLE (Line Drive, 4M)
Marlon Randall to second
Batting: LHB Miguel Martínez 0-0: Ball
1-0: Ball
2-0: Ball
3-0: Called Strike
3-1: Foul Ball, location: 2F
3-2: Strikes out swinging
Batting: RHB Micheal Murdoch 0-0: Ball
1-0: Foul Ball, location: 2F
1-1: Foul Ball, location: 2F
1-2: Grounds into double play, 5-4-3 (Groundball, 56)
Bottom of the 5th over - 0 run(s), 2 hit(s), 0 error(s), 1 left on base; Ellenburg 1 - Jersey City 1
TOP OF THE 6TH
Ellenburg Fighting Dachsunds batting - Pitching for Jersey City Sun Caps : RHP Gilberto Soto
Batting: RHB Gerald Ambler 0-0: Swinging Strike
0-1: Foul Ball, location: 2F
0-2: Strikes out swinging
Batting: LHB Ramón Hernández 0-0: Ball
1-0: Called Strike
1-1: Ball
2-1: Foul Ball, location: 2F
2-2: Ground out 5-3 (Groundball, 56S)
Batting: RHB Jesús López 0-0: Ball
1-0: Ball
2-0: Called Strike
2-1: SINGLE (Groundball, 34D)
Batting: LHB Rick Harrison 0-0: Called Strike
0-1: Ball
1-1: Ball
2-1: Ball
3-1: Base on Balls
Jesús López to second
Batting: RHB Pablo Trujillo 0-0: Foul Ball, location: 2F
0-1: Ball
1-1: Swinging Strike
1-2: Ball
2-2: Ball
3-2: Base on Balls
Jesús López to third
Rick Harrison to second
Pitching: LHP Denver Johnston
Batting: SHB Virgil Eberle 0-0: Ball
1-0: Ball
2-0: Called Strike
2-1: Swinging Strike
2-2: DOUBLE (Line Drive, 89D)
Jesús López scores
Rick Harrison scores
Pablo Trujillo to third
Runner from 3rd tries for Home, SAFE, no throw or cutoff
Batting: RHB Sherman Davis 0-0: Called Strike
0-1: Swinging Strike
0-2: SINGLE (Line Drive, 9S)
Virgil Eberle to third
Runner from 3rd tries for Home, SAFE, no throw or cutoff
Batting: RHB Travis Lee 0-0: Ball
1-0: Swinging Strike
1-1: Ball
2-1: Foul Ball, location: 2F
2-2: Ball
3-2: Base on Balls
Sherman Davis to second
Batting: LHB Iván Gonzáles 0-0: Foul Ball, location: 2F
0-1: Foul Ball, location: 2F
0-2: Foul Ball, location: 2F
0-2: Foul Ball, location: 2F
0-2: Ball
1-2: Strikes out looking
Top of the 6th over - 4 run(s), 3 hit(s), 0 error(s), 2 left on base; Ellenburg 5 - Jersey City 1
BOTTOM OF THE 6TH
Jersey City Sun Caps batting - Pitching for Ellenburg Fighting Dachsunds : RHP Sean Evans
Batting: RHB Eddy Baxter 0-0: Ball
1-0: Foul Ball, location: 2F
1-1: Ball
2-1: Ball
3-1: SINGLE (Groundball, 56)
Batting: RHB Roy Williams 0-0: SINGLE (Line Drive, 4M)
Eddy Baxter to second
Batting: RHB Christian O'Dell 0-0: Grounds into double play, 5-4-3 (Groundball, 56)
Eddy Baxter to third
Batting: RHB Bryan Wilson 0-0: Ball
1-0: Foul Ball, location: 2F
1-1: SINGLE (Line Drive, 8LS)
Eddy Baxter scores
Batting: RHB Jonah Moody 0-0: Ball
1-0: Fly out, F9 (Flyball, 9D)
Bottom of the 6th over - 1 run(s), 3 hit(s), 0 error(s), 1 left on base; Ellenburg 5 - Jersey City 2
TOP OF THE 7TH
Ellenburg Fighting Dachsunds batting - Pitching for Jersey City Sun Caps : LHP Denver Johnston
Batting: RHB Gerald Ambler 0-0: Called Strike
0-1: Ball
1-1: Ball
2-1: SINGLE (Groundball, 56D)
Batting: LHB Ramón Hernández 0-0: Ball
1-0: Sac Bunt - play at first, batter OUT! 5-4
Gerald Ambler to second
Batting: RHB Jesús López 0-0: Intentional Walk
Batting: LHB Rick Harrison 0-0: Called Strike
0-1: Ball
1-1: Foul Ball, location: 2F
1-2: Strikes out swinging
Batting: RHB Pablo Trujillo 0-0: Ball
1-0: Ball
2-0: Fly out, F8 (Line Drive, 8LD)
Top of the 7th over - 0 run(s), 1 hit(s), 0 error(s), 2 left on base; Ellenburg 5 - Jersey City 2
BOTTOM OF THE 7TH
Jersey City Sun Caps batting - Pitching for Ellenburg Fighting Dachsunds : RHP Sean Evans
Batting: LHB Marlon Randall 0-0: Foul Ball, location: 2F
0-1: Ball
1-1: Foul Ball, location: 2F
1-2: Ball
2-2: Ball
3-2: Fly out, F7 (Flyball, 78S)
Pitching: RHP Ed White
Batting: RHB Tony Quintana 0-0: Called Strike
0-1: Ball
1-1: Ball
2-1: Foul Ball, location: 2F
2-2: Ball
3-2: Base on Balls
Batting: LHB Miguel Martínez 0-0: Grounds into double play, 3-6-1 (Groundball, 3)
Bottom of the 7th over - 0 run(s), 0 hit(s), 0 error(s), 0 left on base; Ellenburg 5 - Jersey City 2
TOP OF THE 8TH
Ellenburg Fighting Dachsunds batting - Pitching for Jersey City Sun Caps : LHP Denver Johnston
Batting: SHB Virgil Eberle 0-0: Ball
1-0: SINGLE (Groundball, 4MD)
Batting: RHB Sherman Davis 0-0: Called Strike
0-1: SINGLE (Groundball, 56D) (infield hit)
Virgil Eberle to second
Batting: RHB Travis Lee 0-0: Bunted foul
0-1: Sac Bunt - play at first, batter OUT! 1-4
Virgil Eberle to third
Sherman Davis to second
Batting: LHB Iván Gonzáles 0-0: Called Strike
0-1: Ball
1-1: Ground out 3-1 (Groundball, 34)
Batting: RHB Gerald Ambler 0-0: Ball
1-0: Ball
2-0: Ground out 5-3 (Groundball, 5)
Top of the 8th over - 0 run(s), 2 hit(s), 0 error(s), 2 left on base; Ellenburg 5 - Jersey City 2
BOTTOM OF THE 8TH
Jersey City Sun Caps batting - Pitching for Ellenburg Fighting Dachsunds : RHP Ed White
Batting: RHB Micheal Murdoch 0-0: Called Strike
0-1: Ball
1-1: Ball
2-1: Called Strike
2-2: Ground out 6-3 (Groundball, 6)
Batting: RHB Eddy Baxter 0-0: SINGLE (Line Drive, 78S)
Batting: RHB Roy Williams 0-0: Swinging Strike
0-1: SINGLE (Flyball, 9LS)
Eddy Baxter to second
Runner from 2nd tries for 3rd, SAFE, throw made to third
Batting: RHB Christian O'Dell 0-0: Ball
1-0: Foul Ball, location: 2F
1-1: Swinging Strike
1-2: Ball
2-2: Strikes out swinging
Pitching: RHP Jim Unknown
Batting: RHB Bryan Wilson 0-0: Called Strike
0-1: Fly out, F5 (Line Drive, 5L)
Bottom of the 8th over - 0 run(s), 2 hit(s), 0 error(s), 2 left on base; Ellenburg 5 - Jersey City 2
TOP OF THE 9TH
Ellenburg Fighting Dachsunds batting - Pitching for Jersey City Sun Caps : LHP Denver Johnston
Pitching: LHP Jim Unknown
Batting: LHB Ramón Hernández 0-0: Foul Ball, location: 2F
0-1: Foul Ball, location: 2F
0-2: Ball
1-2: Ball
2-2: Ball
3-2: SINGLE (Line Drive, 3D)
Batting: RHB Jesús López 0-0: Ball
1-0: Called Strike
1-1: Bunted foul
1-2: Foul Ball, location: 2F
1-2: Strikes out swinging
Batting: LHB Rick Harrison 0-0: Ball
1-0: Called Strike
1-1: Ball
2-1: Ground out 3-1 (Groundball, 34)
Ramón Hernández to second
Batting: RHB Pablo Trujillo 0-0: Foul Ball, location: 2F
0-1: Called Strike
0-2: Ball
1-2: Ball
2-2: Ball
3-2: Foul Ball, location: 2F
3-2: Base on Balls
Batting: SHB Virgil Eberle 0-0: Ball
1-0: Called Strike
1-1: Called Strike
1-2: Reached on error, E5 (Groundball, 56)
Ramón Hernández to third
Pablo Trujillo to second
Batting: RHB Sherman Davis 0-0: Foul Ball, location: 2F
0-1: Fly out, F6 (Popup, 6MD)
Top of the 9th over - 0 run(s), 1 hit(s), 1 error(s), 3 left on base; Ellenburg 5 - Jersey City 2
BOTTOM OF THE 9TH
Jersey City Sun Caps batting - Pitching for Ellenburg Fighting Dachsunds : RHP Jim Unknown
Batting: RHB Jonah Moody Single, Error in OF, E9, batter to second base
Batting: LHB Marlon Randall 0-0: DOUBLE (Line Drive, 89M)
Jonah Moody scores
Batting: RHB Tony Quintana 0-0: Ball
1-0: Called Strike
1-1: Called Strike
1-2: Foul Ball, location: 2F
1-2: 2-RUN HOME RUN (Flyball, 78XD), Distance : 419 ft
Pitching: RHP Jim Unknown
Batting: LHB Miguel Martínez 0-0: Swinging Strike
0-1: Ball
1-1: Ball
2-1: Fly out, F7 (Flyball, 78D)
Batting: RHB Micheal Murdoch 0-0: Called Strike
0-1: Foul Ball, location: 2F
0-2: Strikes out swinging
Batting: RHB Eddy Baxter 0-0: Called Strike
0-1: Swinging Strike
0-2: Foul Ball, location: 2F
0-2: Foul Ball, location: 2F
0-2: Strikes out swinging
Bottom of the 9th over - 3 run(s), 3 hit(s), 1 error(s), 0 left on base; Ellenburg 5 - Jersey City 5
TOP OF THE 10TH
Ellenburg Fighting Dachsunds batting - Pitching for Jersey City Sun Caps : LHP Jim Unknown
Pitching: RHP Jim Unknown
Pinch Hitting: LHB Miguel Chávez 0-0: Foul Ball, location: 2F
0-1: Ball
1-1: Fly out, F7 (Flyball, 7M)
Batting: LHB Iván Gonzáles 0-0: Called Strike
0-1: Foul Ball, location: 2F
0-2: Ball
1-2: Ground out 4-3 (Groundball, 4S)
Batting: RHB Gerald Ambler 0-0: Ball
1-0: Foul Ball, location: 2F
1-1: Foul Ball, location: 2F
1-2: Strikes out swinging
Top of the 10th over - 0 run(s), 0 hit(s), 0 error(s), 0 left on base; Ellenburg 5 - Jersey City 5
BOTTOM OF THE 10TH
Jersey City Sun Caps batting - Pitching for Ellenburg Fighting Dachsunds : RHP Jim Unknown
Now at SS: Victor Haley
Batting: RHB Roy Williams 0-0: Called Strike
0-1: Ball
1-1: Foul Ball, location: 2F
1-2: Ground out 5-3 (Groundball, 5S)
Batting: RHB Christian O'Dell 0-0: Foul Ball, location: 2F
0-1: Swinging Strike
0-2: Ball
1-2: Strikes out swinging
Batting: RHB Bryan Wilson 0-0: Called Strike
0-1: Ground out 6-3 (Groundball, 6)
Bottom of the 10th over - 0 run(s), 0 hit(s), 0 error(s), 0 left on base; Ellenburg 5 - Jersey City 5
TOP OF THE 11TH
Ellenburg Fighting Dachsunds batting - Pitching for Jersey City Sun Caps : RHP Jim Unknown
Batting: LHB Ramón Hernández 0-0: Called Strike
0-1: SINGLE (Line Drive, 34)
Batting: RHB Jesús López 0-0: Called Strike
0-1: Ball
1-1: Ball
2-1: Sac Bunt - play at first, batter OUT! 1-4
Ramón Hernández to second
Batting: LHB Rick Harrison 0-0: Called Strike
0-1: Foul Ball, location: 2F
0-2: Ball
1-2: Ball
2-2: Foul Ball, location: 2F
2-2: Foul Ball, location: 2F
2-2: Ball
3-2: Fly out, F8 (Flyball, 8RM)
Batting: RHB Pablo Trujillo 0-0: Ball
1-0: Foul Ball, location: 2F
1-1: Foul Ball, location: 2F
1-2: Foul Ball, location: 2F
1-2: Ball
2-2: Ball
3-2: 2-RUN HOME RUN (Flyball, 7D), Distance : 372 ft
Batting: SHB Virgil Eberle 0-0: Called Strike
0-1: SINGLE (Flyball, 8LS)
Batting: RHB Sherman Davis 0-0: Called Strike
0-1: Ball
1-1: SINGLE (Line Drive, 7LS)
Virgil Eberle to second
Pinch Hitting: SHB Ken Osborne 0-0: Called Strike
0-1: Ground out 1-3 (Groundball, 15S)
Top of the 11th over - 2 run(s), 4 hit(s), 0 error(s), 2 left on base; Ellenburg 7 - Jersey City 5
BOTTOM OF THE 11TH
Jersey City Sun Caps batting - Pitching for Ellenburg Fighting Dachsunds : RHP Jim Unknown
Pitching: RHP Gabriel Rodríguez
Now at SS: Ken Osborne
Batting: RHB Jonah Moody 0-0: Called Strike
0-1: DOUBLE (Line Drive, 7LS)
Batting: LHB Marlon Randall 0-0: Called Strike
0-1: Ball
1-1: Ball
2-1: Ball
3-1: Called Strike
3-2: Base on Balls
Batting: RHB Tony Quintana 0-0: Called Strike
0-1: Called Strike
0-2: Ball
1-2: SINGLE (Groundball, 13) (infield hit)
Jonah Moody to third
Marlon Randall to second
Batting: LHB Miguel Martínez 0-0: Ball
1-0: Called Strike
1-1: Swinging Strike
1-2: Foul Ball, location: 2F
1-2: Strikes out swinging
Batting: RHB Micheal Murdoch 0-0: Swinging Strike
0-1: Fly out, F6 (Popup, 6D)
Batting: RHB Eddy Baxter 0-0: Ball
1-0: Called Strike
1-1: Ball
2-1: Called Strike
2-2: Strikes out swinging
Bottom of the 11th over - 0 run(s), 2 hit(s), 0 error(s), 3 left on base; Ellenburg 7 - Jersey City 5
This league is powered by Out of the Park Baseball, the baseball management simulation game for PC, Mac and Linux
Friday, April 15th, 2016 - OOTP Baseball 16.9 Build 39